 Dungeon Crawl Stone Soup version 0.18.1-48-g4cf74bf (webtiles) character file.

100 spiff the Vandal (level 5, 0/32 HPs)
             Began as a Halfling Arcane Marksman on June 28, 2016.
             Killed by divine providence
             ... invoked by an orc priest
              (7 damage)
             ... on level 2 of the Dungeon.
             The game lasted 00:05:47 (2141 turns).

spiff the Vandal (Halfling Arcane Marksman)         Turns: 2141, Time: 00:05:47

Health: 0/32       AC:  3    Str: 14    XL:     5   Next: 3%
Magic:  6/6        EV: 15    Int: 12    God:
Gold:   96         SH:  0    Dex: 17    Spells: 1 memorised, 5 levels left

rFire  . . .     SeeInvis .     a - +0 hunting sling
rCold  . . .     Gourm    .     b - +0 robe
rNeg   . . .     Faith    .     (shield restricted)
rPois  .         Spirit   .     (no helmet)
rElec  .         Dismiss  .     (no cloak)
rCorr  .         Reflect  .     w - +0 pair of gloves {Str+3}
SustAt .         Harm     .     (no boots)
MR     .....                    h - amulet of magic regeneration
Stlth  ++........               (no ring)
                                r - +2 ring of dexterity

@: not resistant to hostile enchantments, unstealthy
A: mutation resistance 1
a: no special abilities


You were on level 2 of the Dungeon.
You were not hungry.

You visited 1 branch of the dungeon, and saw 3 of its levels.

You collected 96 gold pieces.

Inventory:

Hand Weapons
 a - a +0 hunting sling (weapon)
Missiles
 d - 15 sling bullets
 g - 13 stones (quivered)
Armour
 b - a +0 robe (worn)
 w - a +0 pair of gloves of strength (worn)
Jewellery
 h - an amulet of magic regeneration (around neck)
 r - a +2 ring of dexterity (left hand)
 s - an uncursed ring of sustain attributes {unknown}
Scrolls
 e - 2 scrolls of amnesia {unknown}
 k - 2 scrolls of enchant armour {unknown}
 o - 2 scrolls of remove curse {unknown}
 q - 3 scrolls of identify {unknown}
 u - a scroll of teleportation {unknown}
 v - a scroll of magic mapping {unknown}
Potions
 i - a potion of curing {unknown}
 j - a potion of agility {unknown}
Books
 c - a book of Debilitation

   Spells                             Type                      Level
   a - Corona                         Hexes                        1
   b - Slow                           Hexes                        2
   c - Gell's Gravitas                Hexes/Translocation          3
   d - Inner Flame                    Hexes/Fire                   3
   e - Cause Fear                     Hexes                        4
   f - Leda's Liquefaction            Hexes/Earth                  4
Comestibles
 f - 5 bread rations
 l - a meat ration
 m - a royal jelly
 n - 2 fruits
 p - a beef jerky
 t - 6 chunks of flesh


   Skills:
 - Level 0.8 Fighting
 + Level 6.8 Slings
 - Level 2.1 Dodging
 - Level 1.0 Spellcasting
 - Level 2.8 Hexes


You had 5 spell levels left.
You knew the following spells:

 Your Spells              Type           Power        Failure   Level  Hunger
a - Corona                Hex            #......      12%         1    ##.....


Dungeon Overview and Level Annotations

Branches:
Dungeon (3/15)

Altars:


Innate Abilities, Weirdness & Mutations

You are small and have problems with some larger weapons.
You are somewhat resistant to further mutation.


Message History

Firing (i - inventory. (,) - cycle):
g - 16 stones (quivered)
Press: ? - help, Shift-Dir - straight line, f/p - orc priest
Aim: an orc priest, wielding a whip (severely wounded)
You shoot a stone. The stone hits the orc priest.
The orc priest is almost dead.
The orc priest misses you.
Firing (i - inventory. (,) - cycle):
g - 15 stones (quivered)
Press: ? - help, Shift-Dir - straight line, f/p - orc priest
Aim: an orc priest, wielding a whip (almost dead)
You shoot a stone. The stone barely misses the orc priest.
The orc priest closely misses you.
Firing (i - inventory. (,) - cycle):
g - 14 stones (quivered)
Press: ? - help, Shift-Dir - straight line, f/p - orc priest
Aim: an orc priest, wielding a whip (almost dead)
You shoot a stone.
The stone hits the orc priest but does no damage.
The orc priest is almost dead.
The orc priest invokes the aid of Beogh against you.
Beogh smites you!
You die...

#.########.# #.# #.# ########.#
#.# #.....##'## #.#
######.....#...# ##'####
#......[.......### #.....#####
#.###..........+.# #..........
#.# #..[...#..÷#.####..........
##'###.#(.÷...(@(...............
##....#.#.###..o.#...............
.'....'.....#.##.#.#.#...........
.#....#.#.#.#.##.#.#.#..(########
.#....#.#.#.#.##.#.#.#..........#
.#....#.#.#.#.##.#.#.#.....####.#
.##+###.#.#.#.##.#.#.#.....# #.#
.##....)#.#.#.##.#.#.#.....####.#
.##.....#...#.##.................


You could see an orc priest.

Vanquished Creatures
  2 adders (D:2)
  4 worms (D:2)
  2 dart slugs
  3 giant geckos
  2 orcs (D:2)
  5 giant cockroaches (D:1)
  9 hobgoblins
  3 jackals (D:1)
  A ball python (D:2)
  3 bats
  5 giant newts (D:2)
  4 goblins
  10 kobolds
  9 rats
62 creatures vanquished.

Notes
Turn   | Place    | Note
--------------------------------------------------------------
     0 | D:1      | spiff the Halfling Arcane Marksman began the quest for the Orb.
     0 | D:1      | Reached XP level 1. HP: 12/12 MP: 2/2
    57 | D:1      | Reached XP level 2. HP: 18/18 MP: 3/3
    65 | D:1      | Reached skill level 4 in Slings
   617 | D:1      | Reached XP level 3. HP: 22/22 MP: 4/4
   763 | D:1      | Reached skill level 5 in Slings
  1195 | D:2      | Reached XP level 4. HP: 27/27 MP: 5/5
  1336 | D:2      | Reached skill level 6 in Slings
  2125 | D:2      | Reached XP level 5. HP: 31/32 MP: 6/6
  2141 | D:2      | Killed from afar by an orc priest

Skill      XL: |  1  2  3  4 |
---------------+-------------+-----
Slings         | 4 5 6 |  6.8
Fighting       | |  0.8
Dodging        | |  2.1
Spellcasting   | |  1.0
Hexes          | |  2.8

Action                   |  1- 3 |  4- 6 || total
-------------------------+-------+-------++-------
 Fire: Hunting sling     |   142 |   151 ||   293
  Eat: Chunk             |       |     3 ||     3
Armor: Robe              |     6 |    10 ||    16
Dodge: Dodged            |    44 |    36 ||    80
